 Dungeon Crawl Stone Soup version 0.28-a0-563-gf77a47075d (webtiles) character file.

Game seed: 428636500993797370

407 iamoutofideas the Cleaver (level 6, 0/57 HPs)
             Began as a Hill Orc Monk on Oct 1, 2021.
             Slain by a hornet (12 damage)
             ... on level 5 of the Dungeon.
             The game lasted 00:05:34 (5367 turns).

iamoutofideas the Cleaver (Hill Orc Monk)           Turns: 5367, Time: 00:05:34

Health: 0/57       AC:  5    Str: 16    XL:     6   Next: 88%
Magic:  6/6        EV: 12    Int: 10    God:
Gold:   88         SH:  0    Dex: 13    Spells: 5/5 levels left

rFire   . . .      SeeInvis +   c - +0 hand axe (elec)
rCold   . . .      Faith    .   (no shield)
rNeg    . . .      Spirit   .   h - +0 leather armour
rPois   .          Reflect  .   (no helmet)
rElec   .          Harm     .   (no cloak)
rCorr   +          Rampage  .   d - +0 pair of gloves
Will    .....                   s - +0 pair of boots
Stlth   ++........              (no amulet)
HPRegen 0.19/turn               e - ring of resist corrosion
MPRegen 0.10/turn               q - ring of see invisible

@: attractive, slowed, very slow
A: no striking features
a: no special abilities


You were on level 5 of the Dungeon.
You visited 1 branch of the dungeon, and saw 5 of its levels.

You collected 146 gold pieces.
You spent 58 gold pieces at shops.

Inventory:

Hand Weapons
 c - a +0 hand axe of electrocution (weapon)
 j - a +2 dagger of distortion
 k - a +0 whip of electrocution
Armour
 b - a +0 robe
 d - a +0 pair of gloves (worn)
 h - a +0 leather armour (worn)
 s - a +0 pair of boots (worn)
Jewellery
 e - a ring of resist corrosion (left hand)
 p - a ring of flight
 q - a ring of see invisible (right hand)
Scrolls
 a - 2 scrolls of amnesia {unknown}
 l - a scroll of vulnerability
 m - 2 scrolls of teleportation {unknown}
 r - 2 scrolls of identify
Potions
 g - a potion of mutation {unknown}
 i - a potion of curing
 n - a potion of degeneration {unknown}
 o - a potion of brilliance {unknown}


   Skills:
 + Level 5.8 Fighting
 * Level 8.4 Axes
 - Level 2.4 Dodging
 - Level 1.6 Stealth


You had 5 spell levels left.
You didn't know any spells.
Your spell library was empty.

Dungeon Overview and Level Annotations

Branches:
Dungeon (5/15)
 Temple: D:4-7

Altars:

Shops:
D:1 [

Annotations:
D:1 exclusion: downstairs
D:3 exclusion: downstairs


Message History

An ufetubus is nearby!
The ufetubus shouts!
A bullfrog skeleton comes into view.
A hornet comes into view.
The ufetubus closely misses you. The ufetubus barely misses you.
You closely miss the ufetubus.
The hornet buzzes angrily.
The ufetubus hits you.
The ufetubus hits you but does no damage.
You hit the ufetubus but do no damage. Lightning courses through the ufetubus!
You kill the ufetubus!
The hornet barely misses you. The hornet stings you.
You feel yourself slow down.
You hit the hornet but do no damage.
You feel yourself speed up. The hornet stings you.
You suddenly lose the ability to move!
The hornet stings you!
You are poisoned.
You feel yourself slow down. The hornet stings you!
You are more poisoned.
You feel as though you will be slow longer.
The bullfrog skeleton completely misses you.
You can move again.
Unknown command.
You feel extremely sick. The hornet stings you.
You are lethally poisoned!
You feel as though you will be slow longer.
It was a potion of curing.
You feel better. The hornet stings you.
You shrug off the repeated paralysis!
The hornet closely misses you.
You closely miss the hornet. The hornet closely misses you.
The hornet stings you.
You feel as though you will be slow longer.
You closely miss the hornet. The hornet stings you!
* * * LOW HITPOINT WARNING * * *
You feel as though you will be slow longer.
The hornet barely misses you.
It was a potion of attraction.
You feel attractive to monsters. The hornet stings you!
You die...

#.....#
#.##...........
#.....#
#.#############
#.....###.####
.......
#............#
.......
#.......<.##.#
.......
########..##.#
....... #..##.#
.......
#..##.##.......
#.....@yZ......
#...#.##.......
.........# .......
#..................
#.###.###.##.......
.. #. ... ....... .
#. #.##....... ..
..# #######


You could see a hornet and a bullfrog skeleton.

Vanquished Creatures
  A black bear (D:4)
  A centaur zombie (D:5)
  A hound (D:4)
  An iguana (D:3)
  An orc wizard (D:3)
  3 gnolls (D:4)
  7 adders
  2 ufetubi
  An adder skeleton (D:5)
  3 worms
  A dart slug (D:4)
  9 orcs (D:3)
  7 ball pythons
  2 bats (D:1)
  8 endoplasms
  A giant cockroach (D:4)
  5 hobgoblins
  4 jackals (D:2)
  4 quokkas
  3 frilled lizards
  5 goblins
  10 kobolds
  6 rats
86 creatures vanquished.

Notes
Turn   | Place    | Note
-------+----------+-------------------------------------------
     0 | D:1      | iamoutofideas the Hill Orc Monk began the quest for the
                  | Orb.
     0 | D:1      | Reached XP level 1. HP: 19/19 MP: 1/1
   415 | D:1      | Reached XP level 2. HP: 21/27 MP: 2/2
   888 | D:1      | Found Feetikk's Armour Shoppe.
  1033 | D:1      | Found a faded altar of an unknown god.
  1036 | D:1      | Reached skill level 5 in Axes
  1165 | D:2      | Reached XP level 3. HP: 33/33 MP: 3/3
  1587 | D:2      | Reached XP level 4. HP: 41/41 MP: 4/4
  2129 | D:2      | Noticed a black bear
  2670 | D:3      | Reached skill level 6 in Axes
  2794 | D:3      | Reached XP level 5. HP: 27/47 MP: 5/5
  3455 | D:3      | Reached skill level 5 in Fighting
  3455 | D:3      | Reached skill level 7 in Axes
  3742 | D:4      | Noticed a black bear
  4214 | D:4      | Killed a black bear
  4215 | D:4      | Reached XP level 6. HP: 38/56 MP: 6/6
  4583 | D:4      | Reached skill level 8 in Axes
  5206 | D:1      | Bought a +0 pair of boots for 58 gold pieces
  5320 | D:5      | Entered Level 5 of the Dungeon
  5356 | D:5      | Noticed a hornet
  5361 | D:5      | Paralysed by a hornet for 2 turns
  5367 | D:5      | Slain by a hornet

Illustrated notes

Levels and vault maps discovered:
D:1:      dpeg_chamrin_arrival_tetris, layout_rooms,
          hellmonk_ecumenical_altar_inner_sanctum, serial_shops,
          nicolae_shop_waterfront, minmay_crystal_water
D:2:      layout_basic, minmay_misc_feat_doors
D:3:      layout_basic
D:4:      layout_loops_corners
D:5:      layout_basic, marbit_many_paths, slow_altar_2, minivault_26,
          minmay_misc_feat_cross, minmay_manual_moon

Skill      XL: |  1  2  3  4  5  6 |
---------------+-------------------+-----
Fighting       | 4 5 |  5.8
Axes           | 5 6 7 8 |  8.4
Dodging        | |  2.4
Stealth        | |  1.6

Action                   |  1- 3 |  4- 6 || total
-------------------------+-------+-------++-------
Melee: Hand axe          |   129 |   178 ||   307
  Use: Potion            |       |     3 ||     3
       Scroll            |       |     1 ||     1
 Stab: Sleeping          |     1 |     2 ||     3
Armor: Robe              |     9 |       ||     9
       Leather armour    |    10 |    40 ||    50
Dodge: Dodged            |    82 |   121 ||   203

Table legend: (Time is in decaauts)
 A = Elapsed time spent in this place.
 B = Non-inter-level travel time spent in this place.
 C = Inter-level travel time spent in this place.
 D = Time resting spent in this place.
 E = Time spent auto-exploring this place.
 F = Levels seen in this place.
 G = Mean time per level.
                   A        B        C        D        E       F      G
               +--------+--------+--------+--------+--------+-----+--------+
         Total |   5377 |   4786 |    591 |   1022 |   2863 |   5 | 1075.4 |
       Dungeon |   5377 |   4786 |    591 |   1022 |   2863 |   5 | 1075.4 |
               +--------+--------+--------+--------+--------+-----+--------+

Top non-repeatable levels by time:
     D:3: 1464 daAuts
     D:1: 1414 daAuts
     D:2: 1231 daAuts
     D:4: 1220 daAuts
     D:5: 47 daAuts
